 Dungeon Crawl Stone Soup version 0.22-a0-78-g0f8607c5c5 (webtiles) character file.

534 LarsimusPrime the Skirmisher (level 7, -11/56 HPs)
             Began as a Demonspawn Monk on Jan 17, 2018.
             Shot with an arrow by a centaur (14 damage)
             ... on level 5 of the Dungeon.
             The game lasted 00:15:23 (4067 turns).

LarsimusPrime the Skirmisher (Demonspawn Monk)      Turns: 4067, Time: 00:15:24

Health: -11/56     AC:  9    Str: 13    XL:     7   Next: 4%
Magic:  7/7        EV: 13    Int: 11    God:
Gold:   217        SH:  5    Dex: 16    Spells: 6/6 levels left

rFire    . . .     SeeInvis .   w - +1 broad axe (chop)
rCold    + . .     Gourm    .   i - +0 buckler
rNeg     . . .     Faith    .   l - +3 ring mail
rPois    .         Spirit   .   (no helmet)
rElec    .         Reflect  .   y - +0 cloak
rCorr    .         Harm     .   (no gloves)
MR       .....                  (no boots)
Stlth    +.........             (no amulet)
HPRegen  0.18/turn              (no ring)
MPRegen  0.10/turn              (no ring)

@: no status effects
A: talons 1, cold resistance 1, freezing cloud immunity, sturdy frame 1
a: no special abilities


You were on level 5 of the Dungeon.
You were not hungry.

You visited 1 branch of the dungeon, and saw 5 of its levels.

You collected 217 gold pieces.

Inventory:

Hand Weapons
 a - a +0 spear
 g - a +0 halberd
 o - a +0 flail of draining
 v - a +0 trident
 w - a +1 broad axe of chopping (weapon)
Missiles
 e - 127 stones (quivered)
 p - a throwing net
Armour
 i - a +0 buckler (worn)
 l - a +3 ring mail (worn)
 y - a +0 cloak (worn)
 B - a +0 scale mail
Scrolls
 b - 3 scrolls of fog {unknown}
 d - 3 scrolls of blinking {unknown}
 f - 3 scrolls of remove curse
 h - 2 scrolls of immolation {unknown}
 r - a scroll of noise {unknown}
 s - a scroll of amnesia {unknown}
 t - 2 scrolls of enchant weapon {unknown}
 u - 2 scrolls of identify {unknown}
 A - a scroll of fear {unknown}
Potions
 j - a potion of mutation {unknown}
 k - a potion of might {unknown}
 m - a potion of heal wounds {unknown}
 q - 2 potions of cancellation {unknown}
 x - 2 potions of agility {unknown}
 z - a potion of degeneration {unknown}
 C - 2 potions of flight {unknown}
Comestibles
 c - 9 rations
 n - 6 chunks of flesh


   Skills:
 + Level 5.4 Fighting
 - Level 2.6 Polearms
 + Level 2.7 Armour
 - Level 3.5 Dodging
 - Level 1.7 Stealth
 * Level 3.4 Shields


You had 6 spell levels left.
You didn't know any spells.

Dungeon Overview and Level Annotations

Branches:
Dungeon (5/15)
 Temple: D:4-7

Altars:
Dithmenos
Ru
Sif Muna
Wu Jian

Annotations:
D:5 Dowan


Innate Abilities, Weirdness & Mutations

You have sharp toenails.
Your flesh is cold resistant. (rC+)
You are immune to freezing clouds.
Your movements are slightly less encumbered by armour. (ER -2)


Message History

You throw a stone.
The stone hits the centaur but does no damage.
The centaur shoots an arrow.
The arrow closely misses you.
The centaur shoots an arrow.
The arrow closely misses you.
You hear a shout!
Dowan, Brother of Duvessa comes into view.
He is wielding a dagger.
Throwing (i - inventory. (,) - cycle):
e - 128 stones (quivered)
Press: ? - help, Shift-Dir - straight line, f/p - centaur
Aim: a centaur, wielding a shortbow of flaming You throw a stone.
Dowan shouts!
The stone hits the centaur but does no damage.
The centaur shoots an arrow.
The arrow hits you! The arrow burns you!
* * * LOW HITPOINT WARNING * * *
The centaur shoots an arrow.
The arrow hits you!
* * * LOW HITPOINT WARNING * * *
The arrow burns you.
* * * LOW HITPOINT WARNING * * *
The centaur shoots an arrow.
The arrow hits you!
You die...

##.............
...?............
#...............
#...............
#...............
#............(.
#..........c(.
#..(@....e...
##...........
##.....#####
#######


You could see Dowan and a centaur.

Vanquished Creatures
  An orc priest (D:4)
  A gnoll shaman (D:4)
  2 hounds (D:4)
  A centaur skeleton (D:4)
  Jessica (D:3)
  2 orc wizards (D:4)
  Natasha (D:4)
  A worker ant (D:4)
  A hound skeleton (D:4)
  9 gnolls
  5 adders
  2 oozes
  2 adder skeletons (D:4)
  2 worms (D:4)
  3 dart slugs
  3 leopard geckos
  9 orcs
  3 bats
  5 giant cockroaches
  3 goblins
  7 hobgoblins
  2 jackals (D:2)
  4 quokkas
  3 frilled lizards
  A jackal skeleton (D:4)
  5 kobolds
  2 leopard gecko skeletons (D:4)
  24 rats
105 creatures vanquished.

Notes
Turn   | Place    | Note
-------+----------+-------------------------------------------
     0 | D:1      | LarsimusPrime the Demonspawn Monk began the quest for the Orb.
     0 | D:1      | Reached XP level 1. HP: 18/18 MP: 1/1
   404 | D:1      | Gained mutation: You have sharp toenails. [demonic ancestry]
   404 | D:1      | Reached XP level 2. HP: 24/24 MP: 2/2
  1178 | D:2      | Gained mutation: Your flesh is cold resistant. (rC+) [demonic ancestry]
  1178 | D:2      | Reached XP level 3. HP: 27/29 MP: 3/3
  1640 | D:2      | Reached skill level 1 in Shields
  1966 | D:3      | Gained mutation: Your movements are slightly less encumbered by armour. (ER -2) [demonic ancestry]
  1966 | D:3      | Reached XP level 4. HP: 32/37 MP: 4/4
  2004 | D:3      | Reached skill level 4 in Fighting
  2382 | D:3      | Noticed Jessica
  2394 | D:3      | Killed Jessica
  2394 | D:3      | Reached skill level 1 in Armour
  2394 | D:3      | Reached XP level 5. HP: 40/43 MP: 5/5
  2407 | D:3      | Found a shadowy altar of Dithmenos.
  2412 | D:3      | Found an ornate altar of the Wu Jian Council.
  2413 | D:3      | Found a deep blue altar of Sif Muna.
  2414 | D:3      | Found a sacrificial altar of Ru.
  3235 | D:4      | Gained mutation: You are immune to freezing clouds. [demonic ancestry]
  3235 | D:4      | Reached XP level 6. HP: 48/50 MP: 6/6
  3399 | D:4      | Reached skill level 5 in Fighting
  3803 | D:4      | Noticed Natasha
  3816 | D:4      | Killed Natasha
  3967 | D:4      | Reached XP level 7. HP: 38/56 MP: 7/7
  4055 | D:5      | Entered Level 5 of the Dungeon
  4066 | D:5      | Noticed Dowan
  4067 | D:5      | Shot with an arrow by a centaur

Vault maps used:
D:1:      minmay_arrival_five_plusses
D:2:      cheibrodos_gnoll_hut
D:3:      minitemple, uniq_jessica
D:4:      minmay_rat_hole, uniq_natasha
D:5:      okawaru_trees_2, first_ration, uniq_blork_the_orc, uniq_duvessa,
          uniq_ijyb, uniq_grinder

Skill      XL: |  1  2  3  4  5  6 |
---------------+-------------------+-----
Dodging        | 3 |  3.5
Shields        | 1 2 3 |  3.4
Fighting       | 4 5 |  5.4
Armour         | 1 2 |  2.7
Polearms       | |  2.6
Stealth        | |  1.7

Action                   |  1- 3 |  4- 6 |  7- 9 || total
-------------------------+-------+-------+-------++-------
Melee: Spear             |   125 |    73 |       ||   198
       Kick              |    22 |    39 |     2 ||    63
       Broad axe         |       |   132 |     5 ||   137
Throw: Stone             |       |     6 |     4 ||    10
  Use: Scroll            |       |       |     1 ||     1
 Stab: Sleeping          |     3 |     1 |       ||     4
  Eat: Chunk             |     3 |     7 |     1 ||    11
Armor: Robe              |     3 |       |       ||     3
       Ring mail         |    23 |    73 |     2 ||    98
Dodge: Dodged            |    51 |   131 |     5 ||   187
Block: Buckler           |    14 |    36 |     1 ||    51

Table legend:
 A = Spawn XP
 B = Non-spawn XP
 C = Spawn XP percentage of total XP
 D = Spawn monster count
 E = Non-spawn monster count
 F = Spawn count percentage of total count
 G = Total turns spent on level
                    A         B        C        D         E        F      G
               +---------+---------+-------+---------+---------+-------+---------
         Total |       0 |     763 |   0.0 |       0 |     105 |   0.0 |  4067
               +---------+---------+-------+---------+---------+-------+---------
           D:1 |       0 |      34 |   0.0 |       0 |      19 |   0.0 |  1125
           D:2 |       0 |      61 |   0.0 |       0 |      10 |   0.0 |   819
           D:3 |       0 |     138 |   0.0 |       0 |      28 |   0.0 |  1151
           D:4 |       0 |     530 |   0.0 |       0 |      48 |   0.0 |   960
               +---------+---------+-------+---------+---------+-------+---------
